 Dungeon Crawl Stone Soup version 0.32-a0-995-gb4a59205af (webtiles) character file.

Game seed: 1373261452309864053

37921 Konar the Marksgoblin (level 13, 0/106 (107) HPs)
             Began as a Coglin Hunter on Apr 22, 2024.
             Was a High Priest of Okawaru.
             Engulfed by a ghost crab's spectral mist (7 damage)
             ... on level 3 of the Lair of Beasts.
             The game lasted 00:22:26 (15842 turns).

Konar the Marksgoblin (Coglin Hunter)              Turns: 15842, Time: 00:22:26

HP:   0/106 (107)   AC:  8    Str: 12    XL:     13   Next: 99%
MP:   0/21          EV: 16    Int: 10    God:    Okawaru [*****.]
Gold: 329           SH:  0    Dex: 21    Spells: 12/12 levels left

rFire   . . .        N - +6 hand cannon (drain) {Udom}
rCold   . . .        a - +3 sling {Prani}
rNeg    . . .        P - +5 moon troll leather armour {Spirit, Regen++ MP+5}
rPois   .            (helmet currently unavailable)
rElec   .            (cloak currently unavailable)
rCorr   .            (gloves currently unavailable)
SInv    .            (boots currently unavailable)
Will    .....        (amulet unavailable)
Stlth   ++           (ring unavailable)
HPRegen 1.97/turn    (ring unavailable)
MPRegen 0.17/turn    (no gizmo)

%: guardian spirit
@: beast-form, studying Stealth, lightly drained, revved
A: beast (slay +4), off-hand wielding, slow wielding, warmup strikes, no
jewellery
a: Invent Gizmo, Begin Untransformation, Renounce Religion, Heroism, Finesse,
Duel


You were on level 3 of the Lair of Beasts.
You worshipped Okawaru.
Okawaru was extremely pleased with you.
You were a hulking beast.
You visited 3 branches of the dungeon, and saw 15 of its levels.
You also visited: Trove, Sewer, Ossuary and Bailey.

You collected 714 gold pieces.
You spent 385 gold pieces at shops.

Inventory:

Hand Weapons
 a - a +3 sling (offhand) {Prani}
 d - a +0 sling {Sanghe}
 k - the +6 orcbow of Massacring {speed, rF+ Str+5}
   (You found it on level 2 of the Dungeon)

   Str+5:     It affects your strength (+5).
   rF+:       It protects you from fire.
 N - a +6 hand cannon of draining (weapon) {Udom}
Missiles
 B - a curare-tipped dart
Armour
 c - a +2 leather armour
 t - a +1 ring mail of poison resistance
 v - a +0 cloak
 y - a +1 leather armour of fire resistance
 F - a +0 helmet
 G - the +1 leather armour of Knowledge {rPois rF+ rC- rN++}
   (You bought it in a shop on level 9 of the Dungeon)

   rF+:       It protects you from fire.
   rC-:       It makes you vulnerable to cold.
   rPois:     It protects you from poison.
   rN++:      It greatly protects you from negative energy.
 O - the +0 cloak of Qotot {rPois Int+3}
   (Okawaru gifted it to you on level 11 of the Dungeon)

   Int+3:     It affects your intelligence (+3).
   rPois:     It protects you from poison.
 P - the +5 moon troll leather armour (worn) {Spirit, Regen++ MP+5}
   (You acquired it in a treasure trove)

   MP+5:      It affects your magic capacity (+5).
   Regen++:   It increases your rate of health regeneration.
Talismans
 o - a beast talisman (active)
Wands
 e - a wand of roots (3)
 s - a wand of flame (42)
 A - a wand of mindburst (12)
 E - a wand of digging (6)
Scrolls
 b - a scroll of butterflies
 g - 12 scrolls of teleportation
 l - 2 scrolls of enchant weapon
 m - a scroll of identify
 r - 2 scrolls of immolation
 w - 2 scrolls of blinking
 D - 3 scrolls of fog
 H - 4 scrolls of amnesia
 J - 4 scrolls of enchant armour
 L - a scroll of revelation
 M - a scroll of torment
 Q - 2 scrolls of silence
Potions
 f - 3 potions of brilliance
 h - a potion of mutation
 i - 3 potions of cancellation
 j - 7 potions of might
 n - 7 potions of curing
 p - 4 potions of enlightenment
 q - a potion of invisibility {unknown}
 u - 3 potions of attraction
 x - 2 potions of haste
 z - a potion of magic
 C - a potion of ambrosia {unknown}
 I - a potion of heal wounds
Miscellaneous
 K - a Gell's gravitambourine (2/2)


   Skills:
 + Level 11.7 Fighting
 * Level 15.2 Ranged Weapons
 + Level 8.1 Dodging
 - Level 0.7 Stealth
 + Level 4.7 Invocations
 - Level 7.0 Shapeshifting


You had 12 spell levels left.
You didn't know any spells.
Your spell library contained the following spells:

 Spells                   Type           Power      Damage    Failure   Level
 Necrotise                Necr           0%         1d4       43%         1
 Shock                    Conj/Air       0%         1d3       43%         1
 Blink                    Tloc           0%         N/A       58%         2
 Static Discharge         Conj/Air       0%         3-3/arc   58%         2
 Dazzling Flash           Conj/Hex       0%         N/A       82%         3
 Mephitic Cloud           Conj/Alch/Air  0%         N/A       82%         3
 Swiftness                Air            0%         N/A       82%         3
 Teleport Other           Tloc           0%         N/A       82%         3
 Volatile Blastmotes      Fire/Tloc      0%         2d10      82%         3
 Airstrike                Air            0%         2d(0-16)  99%         4
 Anguish                  Hex/Necr       0%         N/A       99%         4
 Ignite Poison            Fire/Alch      0%         N/A       99%         4
 Leda's Liquefaction      Alch/Erth      0%         N/A       99%         4
 Passage of Golubria      Tloc           0%         N/A       99%         4
 Borgnjor's Vile Clutch   Necr/Erth      0%         N/A       100%        5
 Iskenderun's Battlesphe  Conj           0%         2d6       100%        5
 Silence                  Hex/Air        0%         N/A       100%        5
 Yara's Violent Unravell  Hex/Alch       0%         3d3       100%        5
 Bombard                  Conj/Erth      0%         9d1       100%        6
 Permafrost Eruption      Ice/Erth       0%         2x4d1     100%        6
 Chain Lightning          Conj/Air       0%         N/A       100%        9
 Fire Storm               Conj/Fire      0%         5d1       100%        9
 Shatter                  Erth           0%         3d5*      100%        9
 Tukima's Dance           Hex            Unusable   N/A       N/A         3
 Summon Lightning Spire   Summ/Air       Unusable   N/A       N/A         4
 Spellforged Servitor     Conj/Summ      Unusable   N/A       N/A         7

Dungeon Overview and Level Annotations

Branches:
Dungeon (11/15)            Temple (1/1) D:5            Lair (3/5) D:9
  Swamp (0/4) Lair:3          Orc (0/2) D:9           Sewer (visited)
Ossuary (visited)          Bailey (visited)
  Snake: Lair:2-3    Spider: Lair:2-3

Altars:
Ashenzari
Cheibriados
Dithmenos
Elyvilon
Fedhas
Gozag
Hepliaklqana
Kikubaaqudgha
Makhleb
Nemelex Xobeh
Okawaru
Qazlal
Ru
Sif Muna
Trog
Uskayaw
Vehumet
Wu Jian
Xom
Yredelemnul
Zin
The Shining One

Shops:
D:1 (   D:5 :   D:8 *   D:9 [

Annotations:
D:4 1 runed translucent door, Crazy Yiuf
D:9 Maurice


Innate Abilities, Weirdness & Mutations

You are a hulking beast.
Your limbs bulge with bestial killing power. (Slay +4)
You can wield a second weapon in your off-hand.
It takes a long time for you to wield or remove held weapons.
Your first few attacks do less damage.
You cannot equip rings or amulets.


Message History

The spectral blink frog fades away!
The spectral rime drake fades away!
You are engulfed in spectral mist.
* * * LOW HITPOINT WARNING * * *
Found a staircase to the Swamp.
The ghost crab breathes spectral mist at you.
The spectral mist engulfs you.
You shoot a slug. The slug hits the ghost crab.
The ghost crab is lightly damaged.
You shoot a sling bullet.
The sling bullet hits the ghost crab but does no damage.
The ghost crab is lightly damaged.
You are engulfed in spectral mist.
* * * LOW HITPOINT WARNING * * *
The ghost crab bites you but does no damage.
The ghost crab claws you.
* * * LOW HITPOINT WARNING * * *
You shoot a slug. The slug hits the ghost crab!
The ghost crab is lightly damaged.
You shoot a sling bullet. The sling bullet hits the ghost crab.
The ghost crab is lightly damaged.
You are engulfed in spectral mist.
* * * LOW HITPOINT WARNING * * *
The ghost crab bites you but does no damage.
The ghost crab barely misses you.
You shoot a slug. The slug hits the ghost crab.
The ghost crab is moderately damaged.
You shoot a sling bullet. The sling bullet hits the ghost crab.
The ghost crab is moderately damaged.
You are engulfed in spectral mist.
* * * LOW HITPOINT WARNING * * *
The spectral six-headed hydra fades away!
The spectral cane toad misses you.
The ghost crab breathes spectral mist at you.
The spectral mist engulfs you.
You shoot a slug. The slug hits the ghost crab!
The ghost crab is heavily damaged.
You shoot a sling bullet. The sling bullet hits the ghost crab.
The ghost crab is heavily damaged.
You are engulfed in spectral mist.
You die...

.#.........### ♣§§
#............# ♣§§♣
#........PP..# ♣§§§
##...........# .§☼
###........P# ☼§♣♣
#...#.#..## ♣♣~ ☼Z♣
####......# ♣.. ♣♣t♣♣
#......#.#
♣~.♣♣°h○♣####.....#.#
♣..♣.Z§♣♣#P.........#
♣..°○°♣♣##...#.P.†..#
♣♣.○○Z♣♣#....#......#
♣...☼♣♣.#[....#.....#
♣....♣.......###.#...
#...........#....##..
##.####.....##..## [.
## ####.....##


You could see a ghost crab, a spectral komodo dragon (summoned), a spectral
black mamba (summoned) and a spectral cane toad (summoned).

Vanquished Creatures
  3 hydras
  A ghost crab (Lair:3)
  Erica (Lair:2)
  A boulder beetle (Lair:2)
  4 death yaks (Lair:3)
  2 two-headed ogres
  A manticore (D:11)
  2 orc knights (Bailey)
  A spectral boulder beetle (Lair:3)
  An oklob plant (Lair:2)
  9 elephants
  A black mamba (Lair:3)
  An ice statue (D:9)
  7 cane toads
  8 komodo dragons
  2 rime drakes
  3 trolls
  A polar bear (Lair:2)
  12 spriggans (Lair:2)
  Sigmund (D:6)
  2 wraiths (D:11)
  21 yaks
  3 basilisks
  7 wyverns
  4 steam dragons
  8 vampire mosquitoes (D:11)
  Menkaure (D:5)
  A spectral cane toad (Lair:3)
  11 water moccasins
  4 black bears
  12 orc warriors
  8 wolves
  10 centaurs
  9 ice beasts
  A spectral rime drake (Lair:3)
  A crocodile (Sewer)
  5 ogres
  A phantom (D:5)
  10 bullfrogs
  9 kobold brigands
  A brain worm (Sewer)
  A gnoll sergeant (D:9)
  4 water moccasin zombies (Ossuary)
  6 scorpions
  A burial acolyte (Ossuary)
  10 wights
  45 killer bees
  The ghost of BlackSun the Grave Robber, a weakling DsNe (D:3)
  7 electric eels (D:9)
  2 howler monkeys
  A bombardier beetle (D:7)
  6 hounds
  4 orc priests
  3 iguanas
  A gnoll bouda (D:5)
  Terence (D:3)
  3 sleepcaps
  Natasha (twice) (D:2)
  3 orc wizards
  A crocodile zombie (Ossuary)
  A bullfrog simulacrum (Ossuary)
  2 mummies (Ossuary)
  8 gnolls
  11 adders
  3 river rats (Sewer)
  3 white imps
  3 adder zombies (Ossuary)
  A dart slug (D:5)
  3 ribbon worms
  33 orcs
  9 ball pythons
  3 bats
  5 endoplasms
  5 giant cockroaches
  9 gnoll zombies (Ossuary)
  10 goblins
  5 hobgoblins (D:1)
  6 jackals
  32 kobolds
  3 quokkas
  4 frilled lizards (Sewer)
  A jackal zombie (Ossuary)
  4 orc zombies (Ossuary)
  7 rats
464 creatures vanquished.

Notes
Turn   | Place    | Note
-------+----------+-------------------------------------------
     0 | D:1      | Konar the Coglin Hunter began the quest for the Orb.
     0 | D:1      | Reached XP level 1. HP: 16/16 MP: 1/1
    83 | D:1      | Found Wuut's Weapon Emporium.
   281 | D:1      | Found a faded altar of an unknown god.
   442 | D:1      | Reached XP level 2. HP: 22/22 MP: 2/2
   506 | D:1      | Reached skill level 4 in Ranged Weapons
   862 | D:2      | You fall into a shaft and drop 2 floors!
  1007 | D:3      | Reached XP level 3. HP: 22/28 MP: 3/3
  1067 | D:3      | Found a glowing drain.
  1080 | D:3      | Reached XP level 4. HP: 34/34 MP: 4/4
  1087 | Sewer    | Entered a sewer
  1090 | Sewer    | Noticed a kobold brigand
  1112 | Sewer    | Killed a kobold brigand
  1113 | Sewer    | Reached skill level 5 in Ranged Weapons
  1113 | Sewer    | Reached XP level 5. HP: 10/41 MP: 5/5
  1305 | Sewer    | Noticed a kobold brigand
  1323 | Sewer    | Killed a kobold brigand
  1324 | Sewer    | Reached XP level 6. HP: 30/48 MP: 6/6
  1475 | Sewer    | Reached skill level 6 in Ranged Weapons
  1705 | Sewer    | Reached XP level 7. HP: 51/55 MP: 7/7
  2101 | D:2      | Noticed Terence
  2120 | D:3      | Killed Terence
  2178 | D:2      | Identified the +6 orcbow of Massacring {speed, rF+ Str+5}
  2259 | D:2      | Noticed Natasha
  2263 | D:2      | Killed Natasha
  2371 | D:2      | Found an opulent altar of Gozag.
  2683 | D:3      | Found a broken altar of Ashenzari.
  2709 | D:2      | Noticed Natasha
  2715 | D:2      | Killed Natasha
  2888 | D:3      | Found a runed translucent door.
  3474 | D:3      | Noticed BlackSun's ghost (weakling DsNe)
  3488 | D:3      | Killed BlackSun's ghost
  3489 | D:3      | Reached skill level 5 in Fighting
  3489 | D:3      | Reached skill level 7 in Ranged Weapons
  4082 | D:4      | Found a runed translucent door.
  4083 | D:4      | Noticed Crazy Yiuf
  4324 | D:5      | Entered Level 5 of the Dungeon
  4335 | D:5      | Reached skill level 1 in Shapeshifting
  4339 | D:5      | Reached XP level 8. HP: 49/62 MP: 8/8
  4647 | D:5      | Found a staircase to the Ecumenical Temple.
  4660 | Temple   | Entered the Ecumenical Temple
  4673 | Temple   | Became a worshipper of Warmaster Okawaru
  4689 | D:5      | Noticed Menkaure
  4696 | D:5      | Killed Menkaure
  4830 | D:5      | Reached skill level 8 in Ranged Weapons
  4946 | D:5      | Found Litegeh's Book Boutique.
  5291 | D:6      | Noticed a troll
  5332 | D:6      | Noticed Sigmund
  5343 | D:6      | Killed Sigmund
  5384 | D:6      | Reached XP level 9. HP: 69/69 MP: 9/9
  5408 | D:6      | Killed a troll
  5408 | D:6      | Reached * piety under Okawaru
  5486 | D:6      | Got the Atlas of Subspace and Topomancy
  5641 | D:6      | Reached skill level 9 in Ranged Weapons
  5641 | D:6      | Reached ** piety under Okawaru
  5802 | D:7      | Reached skill level 5 in Shapeshifting
  5890 | D:7      | Found a sand-covered staircase.
  5899 | Ossuary  | Entered an ossuary
  6039 | Ossuary  | Reached XP level 10. HP: 79/79 MP: 10/10
  6164 | D:7      | Found a glowing golden altar of the Shining One.
  6259 | D:7      | Reached *** piety under Okawaru
  6801 | D:7      | Reached skill level 10 in Ranged Weapons
  6946 | D:7      | Noticed a meliai
  6946 | D:7      | Noticed a green ugly thing
  7092 | D:8      | Found Waimem's Assorted Antiques.
  7100 | D:8      | Bought a scroll of blinking for 210 gold pieces
  7806 | D:9      | Reached **** piety under Okawaru
  7886 | D:9      | Noticed a two-headed ogre
  7894 | D:9      | Killed a two-headed ogre
  8021 | D:9      | Reached skill level 11 in Ranged Weapons
  8028 | D:9      | Reached XP level 11. HP: 73/86 MP: 11/11
  8163 | D:9      | Found a staircase to the Lair.
  8756 | D:9      | Reached ***** piety under Okawaru
  8775 | D:9      | Found Udwalaru's Antique Armour Boutique.
  8820 | D:9      | Bought a dazzling leather armour for 175 gold pieces
  8820 | D:9      | Identified the +1 leather armour of Knowledge {rPois rF+
                  | rC- rN++} (You bought it in a shop on level 9 of the
                  | Dungeon)
  8841 | D:9      | Found a shimmering altar of Xom.
  8841 | D:9      | Found an ancient bone altar of Kikubaaqudgha.
  8863 | D:9      | Found a staircase to the Orcish Mines.
  9207 | D:9      | Noticed Maurice
  9583 | D:9      | Reached skill level 12 in Ranged Weapons
  9723 | D:10     | Entered Level 10 of the Dungeon
  9807 | D:10     | Found a flagged portal.
  9813 | Bailey   | Entered a bailey
 10262 | Bailey   | Found a roughly hewn altar of Beogh.
 10262 | Bailey   | Noticed an orc knight
 10262 | Bailey   | Noticed an orc knight
 10271 | Bailey   | Killed an orc knight
 10281 | Bailey   | Killed an orc knight
 11052 | D:11     | Noticed a two-headed ogre
 11057 | D:11     | Killed a two-headed ogre
 11218 | D:11     | Received a gift from Okawaru
 11219 | D:11     | Reached skill level 5 in Dodging
 11454 | D:11     | Found a portal to a secret trove of treasure.
 11548 | D:11     | Reached XP level 12. HP: 81/96 MP: 12/12
 11726 | D:11     | Reached ****** piety under Okawaru
 11727 | D:11     | Acquired a +6 hand cannon of draining
 11727 | D:11     | Received a gift from Okawaru
 11729 | D:11     | Acquired the +0 cloak of Qotot {rPois Int+3}
 11729 | D:11     | Received a gift from Okawaru
 11767 | Trove    | Entered a treasure trove
 11801 | Trove    | Got Avuomiy's Precepts of Calescent Wicked Deeds
 11847 | Trove    | Identified a scroll of acquirement
 11847 | Trove    | Acquired the +5 moon troll leather armour {Spirit, Regen++
                  | MP+5}
 11847 | Trove    | Found the +5 moon troll leather armour {Spirit, Regen++
                  | MP+5}
 12232 | D:11     | Reached skill level 13 in Ranged Weapons
 12416 | Lair:1   | Entered Level 1 of the Lair of Beasts
 12440 | Lair:1   | Reached skill level 10 in Fighting
 13443 | Lair:2   | Noticed Erica
 13586 | Lair:2   | Noticed a boulder beetle
 13602 | Lair:2   | Noticed a four-headed hydra
 13620 | Lair:2   | Killed a four-headed hydra
 13621 | Lair:2   | Reached skill level 1 in Invocations
 13624 | Lair:2   | Killed a boulder beetle
 13850 | Lair:2   | Noticed a four-headed hydra
 13861 | Lair:2   | Killed a four-headed hydra
 13908 | Lair:2   | Reached skill level 14 in Ranged Weapons
 13995 | Lair:2   | Reached XP level 13. HP: 104/104 MP: 14/14
 14286 | Lair:2   | Killed Erica
 15673 | Lair:3   | Reached skill level 15 in Ranged Weapons
 15838 | Lair:3   | Found a staircase to the Swamp.
 15841 | Lair:3   | HP: 5/106 [ghost crab] (5)]
 15842 | Lair:3   | Engulfed by a ghost crab's spectral mist

Illustrated notes

Levels and vault maps discovered:
D:1:      dpeg_arrival_solitude, layout_loops_cross,
          hellmonk_ecumenical_altar_crossroads, serial_shops,
          nicolae_shop_gibbet_a_chance
D:2:      layout_basic, basic_altar, uniq_terence, uniq_natasha
D:3:      layout_loops_corners, cheibrodos_ashenzari_chains,
          ebering_ghost_sewer_d, cheibrodos_sewer_entry_sluice
D:4:      layout_loops_ring, uniq_crazy_yiuf_cottage
D:5:      layout_loops_ring, minmay_temple_entry_drinking_statues, serial_shops,
          shop, nicolae_twisty_statue_hallways, uniq_menkaure
D:6:      layout_basic, kennysheep_generic_room_13, uniq_sigmund
D:7:      nzn_winding_woodlands_three_and_one
          [nzn_winding_woodlands_5x15_river_crossing,
          nzn_winding_woodlands_5x15_concentric,
          nzn_winding_woodlands_5x15_split_checker,
          nzn_winding_woodlands_center_lodge], layout_gridville,
          tso_oasis_becter, serial_glass, glass_columns_a, glass_columns_a,
          nicolae_ossuary_entry_ruins, minmay_checkerbox
D:8:      layout_loops_ring, serial_shops, nicolae_shop_hallway_stairs,
          minivault_1
D:9:      minmay_twisted_water, layout_loops_ring,
          nicolae_overflow_hidden_temple, minmay_lair_entry_grove,
          kennysheep_orc_monster_closet_entryway, serial_shops,
          nicolae_shop_just_a_little_nook, solitary_fountain, uniq_maurice
D:10:     layout_basic, enter_bailey_3
D:11:     minmay_spotlight, layout_basic, enter_trove_3
Temple:   mainiacjoe_temple_coin_purse
Lair:1:   layout_cave_pods, serial_rivers, chequers_serial_rivers_micro_b,
          chequers_serial_rivers_micro_c, chequers_serial_rivers_micro_e,
          chequers_serial_rivers_marsh
Lair:2:   wad_woods_minihive, layout_hall_layers, grunt_megastairs_3, uniq_erica
Lair:3:   layout_misc_corridors, nicolae_swamp_entry_spooky,
          nicolae_spider_entry_orb_guardian, serial_bayou_lagoon_a,
          columned_hall_lemuel, lemuel_fruit_fields, serial_bayou_shore_a

Skill      XL: |  1  2  3  4  5  6  7  8  9 10 11 12 13 |
---------------+----------------------------------------+-----
Ranged Weapons | 4 5 6 7 8 9 11 12 14 15 | 15.2
Fighting       | 3 4 5 6 7 8 9 10 11 | 11.7
Shapeshifting  | 1 3 5 7 |  7.0
Dodging        | 2 5 6 8 |  8.1
Invocations    | 2 4 |  4.7
Stealth        | |  0.7

Action                     |  1- 3 |  4- 6 |  7- 9 | 10-12 | 13-15 || total
---------------------------+-------+-------+-------+-------+-------++-------
   Fire: Sling             |   102 |   170 |    86 |       |    52 ||   410
         Orcbow            |       |       |   316 |   816 |   319 ||  1451
         Hand cannon       |       |       |       |       |    52 ||    52
  Throw: Dart              |       |     1 |       |     1 |     1 ||     3
 Invoke: Receive Weapon    |       |       |       |     1 |       ||     1
         Receive Armour    |       |       |       |     1 |       ||     1
         Heroism           |       |       |       |       |     2 ||     2
         Finesse           |       |       |       |       |     1 ||     1
  Evoke: Wand              |       |       |       |     2 |     1 ||     3
         Gell's gravitambo |       |       |       |     2 |       ||     2
    Use: Scroll            |     6 |       |    13 |     7 |     3 ||    29
         Potion            |     1 |     1 |       |    15 |     1 ||    18
 Armour: Leather armour    |    16 |    21 |    24 |       |       ||    61
         Ring mail         |       |       |    27 |   122 |       ||   149
         Troll leather arm |       |       |       |    70 |   161 ||   231
  Dodge: Dodged            |    11 |    25 |    62 |   158 |   168 ||   424
   Form: Beast             |       |       |     1 |       |       ||     1

Table legend: (Time is in decaauts)
 A = Elapsed time spent in this place.
 B = Non-inter-level travel time spent in this place.
 C = Inter-level travel time spent in this place.
 D = Time resting spent in this place.
 E = Time spent auto-exploring this place.
 F = Levels seen in this place.
 G = Mean time per level.
                   A        B        C        D        E       F      G
               +--------+--------+--------+--------+--------+-----+--------+
         Total |  15549 |  14213 |   1336 |   1362 |  10333 |  19 |  818.4 |
       Dungeon |  10396 |   9482 |    914 |    752 |   7257 |  11 |  945.1 |
        Temple |     26 |      2 |     24 |      0 |      0 |   1 |   26.0 |
          Lair |   3159 |   2761 |    398 |    161 |   2069 |   3 | 1053.0 |
         Trove |    141 |    141 |      0 |     37 |     72 |   1 |  141.0 |
         Sewer |   1180 |   1180 |      0 |    216 |    705 |   1 | 1180.0 |
       Ossuary |    161 |    161 |      0 |      0 |     97 |   1 |  161.0 |
        Bailey |    483 |    483 |      0 |    195 |    132 |   1 |  483.0 |
               +--------+--------+--------+--------+--------+-----+--------+

Top non-repeatable levels by time:
     D:9: 1811 daAuts
  Lair:2: 1715 daAuts
   Sewer: 1180 daAuts
     D:3: 1143 daAuts
    D:11: 1110 daAuts
  Lair:1: 1073 daAuts
     D:7: 1003 daAuts
     D:8: 869 daAuts
     D:5: 856 daAuts
    D:10: 850 daAuts
     D:4: 847 daAuts
     D:1: 841 daAuts
     D:2: 575 daAuts
     D:6: 488 daAuts
  Bailey: 483 daAuts
